 Dungeon Crawl Stone Soup version 0.27-a0-61-g21144fbd99 (webtiles) character file.

Game seed: 11725218418098617642

410 pablito the Chiller (level 6, -6/47 HPs)
             Began as a Merfolk Ice Elementalist on Jan 8, 2021.
             Was a Follower of Qazlal.
             Mangled by a gnoll
             ... wielding a +0 flail
              (11 damage)
             ... on level 4 of the Dungeon.
             The game lasted 00:13:09 (4987 turns).

pablito the Chiller (Merfolk Ice Elementalist)      Turns: 4987, Time: 00:13:10

Health: -6/47      AC:  5    Str: 16    XL:     6   Next: 89%
Magic:  11/11      EV:  8    Int: 16    God:    Qazlal [*.....]
Gold:   197        SH:  0    Dex: 15    Spells: 8/12 levels left

rFire    + . .     SeeInvis .   v - +2 whip (venom)
rCold    . . .     Faith    .   (no shield)
rNeg     . . .     Spirit   .   a - +0 robe
rPois    .         Reflect  .   (no helmet)
rElec    .         Harm     .   e - +0 cloak
rCorr    .         Rampage  .   (no gloves)
Will     .....                  m - +1 pair of boots
Stlth    ++........             (no amulet)
HPRegen  0.15/turn              t - ring of protection from fire
MPRegen  0.12/turn              u - +6 ring of strength

@: lethally poisoned (-6 -> -16), held
A: change form in water, swift swim, stealthy swim, mutation resistance 1,
strong 1
a: Renounce Religion


You were on level 4 of the Dungeon.
You worshipped Qazlal.
Qazlal was aware of your devotion.
You visited 1 branch of the dungeon, and saw 4 of its levels.

You collected 197 gold pieces.

Inventory:

Hand Weapons
 b - a +0 dagger
 d - a +0 short sword of speed
 v - a +2 whip of venom (weapon)
Missiles
 n - 15 poisoned darts
Armour
 a - a +0 robe (worn)
 e - a +0 cloak (worn)
 m - a +1 pair of boots (worn)
 p - a +0 leather armour
Jewellery
 t - a ring of protection from fire (left hand)
 u - a +6 ring of strength (right hand)
Scrolls
 j - a scroll of teleportation
Potions
 c - a potion of mutation
 f - a potion of magic
 g - a potion of cancellation
 h - a potion of brilliance
 i - a potion of might {unknown}
 k - a potion of curing {unknown}
 w - a potion of attraction {unknown}


   Skills:
 + Level 3.1 Fighting
 + Level 4.7 Dodging
 - Level 2.1 Stealth
 + Level 3.8 Spellcasting
 + Level 6.0 Ice Magic


You had 8 spell levels left.
You knew the following spells:

 Your Spells              Type           Power        Failure   Level
a - Freeze                Ice            88%          1%          1
b - Frozen Ramparts       Ice            44%          4%          3

Your spell library contained the following spells:

 Spells                   Type           Power        Failure   Level
 Ozocubu's Armour         Ice            22%          4%          3
 Hailstorm                Conj/Ice       12%          45%         4
 Summon Ice Beast         Ice/Summ       12%          45%         4


Dungeon Overview and Level Annotations

Branches:
Dungeon (4/15)
 Temple: D:4-7

Altars:
Dithmenos
Nemelex Xobeh
Qazlal
Zin


Innate Abilities, Weirdness & Mutations

You revert to your normal form in water.
You are very nimble and swift while swimming.
You are very stealthy in the water. (Stealth+)
You are somewhat resistant to further mutation.
Your muscles are strong. (Str +2)


Message History

An orc priest comes into view. It is wielding a +0 dagger.
The gnoll hits you with a +0 spear.
* * * LOW HITPOINT WARNING * * *
The gnoll closely misses you.
The orc throws a boomerang.
The boomerang completely misses you.
The weapon returns to the orc!
You hear a shout!
The gnoll throws a throwing net.
The throwing net hits you.
You become entangled in the net!
The gnoll throws a poisoned dart.
The poisoned dart closely misses you.
The gnoll hits you from afar with a +0 spear.
* * * LOW HITPOINT WARNING * * *
You see here a throwing net.
You tear a large gash into the net.
You feel sick. The gnoll closely misses you.
The gnoll throws a poisoned dart.
The poisoned dart hits you!
You are lethally poisoned!
You struggle against the net.
* * * LOW HITPOINT WARNING * * *
You feel sick. The gnoll hits you with a +0 flail!
You die...

.........# .............
. ..#######...##......#
.[
........#...##......##...
#......#................
#......#................
#......#........gg......
#......#................
#.....#.....(.@g...(...
#....รท#..(##(..##'#####
#.....#)..##...# ...
#.....)))....).# ....
#.....#........# ....o .
#.....#....(...# ..o.
#.....#...###### .oo.
#.....#...# ###.....#...#


You could see 3 gnolls.

Vanquished Creatures
  An orc priest (D:4)
  A bullfrog skeleton (D:4)
  A hound (D:4)
  2 centaur skeletons (D:4)
  An iguana (D:4)
  2 orc wizards (D:4)
  Robin (D:4)
  7 adders
  An ooze (D:3)
  3 worms
  2 dart slugs (D:1)
  3 leopard geckos
  9 orcs
  3 ball pythons
  5 giant cockroaches
  11 goblins
  9 hobgoblins
  4 jackals (D:2)
  2 quokkas
  7 bats
  2 frilled lizards
  8 kobolds
  5 rats
90 creatures vanquished.

Vanquished Creatures (others)
  19 plants (D:4)
19 creatures vanquished.

Grand Total: 109 creatures vanquished

Notes
Turn   | Place    | Note
-------+----------+-------------------------------------------
     0 | D:1      | pablito the Merfolk Ice Elementalist began the quest for
                  | the Orb.
     0 | D:1      | Reached XP level 1. HP: 13/13 MP: 3/3
   213 | D:1      | Reached XP level 2. HP: 10/19 MP: 5/5
   866 | D:2      | Reached XP level 3. HP: 14/24 MP: 5/7
  1000 | D:2      | Learned a level 3 spell: Frozen Ramparts
  1049 | D:2      | Reached skill level 5 in Ice Magic
  1885 | D:2      | Reached XP level 4. HP: 26/31 MP: 8/8
  1947 | D:2      | Found a stormy altar of Qazlal.
  1950 | D:2      | Found a shadowy altar of Dithmenos.
  1958 | D:2      | Reached skill level 1 in Fighting
  2172 | D:2      | Became a worshipper of Qazlal Stormbringer
  3066 | D:3      | Gained mutation: Your muscles are strong. (Str +2) [potion
                  | of mutation]
  3066 | D:3      | Gained mutation: You are somewhat resistant to further
                  | mutation. [potion of mutation]
  3431 | D:3      | Reached XP level 5. HP: 20/37 MP: 9/9
  4435 | D:4      | Found a glowing silver altar of Zin.
  4496 | D:4      | Found a sparkling altar of Nemelex Xobeh.
  4517 | D:4      | Reached XP level 6. HP: 30/45 MP: 8/11
  4625 | D:4      | Noticed Robin
  4629 | D:4      | Killed Robin
  4635 | D:4      | Reached * piety under Qazlal
  4750 | D:4      | Reached skill level 6 in Ice Magic
  4987 | D:4      | Mangled by a gnoll

Illustrated notes

Levels and vault maps discovered:
D:1:      ncdulo_halloftheorcs, layout_rooms
D:2:      layout_basic, grunt_temple_overflow_open
D:3:      layout_loops_corners
D:4:      layout_gridville, zin_academy, doesnt_xom_only_xom,
          chequers_big_river, uniq_robin

Skill      XL: |  1  2  3  4  5  6 |
---------------+-------------------+-----
Ice Magic      | 5 6 |  6.0
Dodging        | 3 4 |  4.7
Fighting       | 1 2 3 |  3.1
Spellcasting   | 3 |  3.8
Stealth        | |  2.1

Action                   |  1- 3 |  4- 6 || total
-------------------------+-------+-------++-------
Melee: Short sword       |   103 |    45 ||   148
       Dagger            |     8 |       ||     8
       Whip              |       |    94 ||    94
 Cast: Freeze            |    13 |    10 ||    23
       Frozen Ramparts   |     2 |    10 ||    12
  Use: Potion            |       |     3 ||     3
       Scroll            |       |    11 ||    11
 Stab: Sleeping          |     5 |     3 ||     8
Armor: Robe              |    17 |    24 ||    41
Dodge: Dodged            |    64 |   105 ||   169

Table legend: (Time is in decaauts)
 A = Elapsed time spent in this place.
 B = Non-inter-level travel time spent in this place.
 C = Inter-level travel time spent in this place.
 D = Time resting spent in this place.
 E = Time spent auto-exploring this place.
 F = Levels seen in this place.
 G = Mean time per level.
                   A        B        C        D        E       F      G
               +--------+--------+--------+--------+--------+-----+--------+
         Total |   4953 |   4874 |     79 |    214 |   3896 |   4 | 1238.2 |
       Dungeon |   4953 |   4874 |     79 |    214 |   3896 |   4 | 1238.2 |
               +--------+--------+--------+--------+--------+-----+--------+

Top non-repeatable levels by time:
     D:3: 1681 daAuts
     D:2: 1661 daAuts
     D:1: 827 daAuts
     D:4: 783 daAuts
